 Dungeon Crawl Stone Soup version 0.20.1-1-g8b1a95d (webtiles) character file.

3240 Feta the Skirmisher (level 10, -3/77 (79) HPs)
             Began as a Formicid Monk on Nov 11, 2017.
             Was an Elder of Cheibriados.
             Slain by a killer bee (8 damage)
             ... on level 8 of the Dungeon.
             The game lasted 00:18:22 (5789 turns).

Feta the Skirmisher (Formicid Monk)                 Turns: 5789, Time: 00:18:23

HP:   -3/77 (79)    AC:  6    Str: 27    XL:     10   Next: 18%
MP:   18/18         EV: 17    Int: 22    God:    Cheibriados [****..]
Gold: 358           SH:  0    Dex: 25    Spells: 20/20 levels left

rFire    + . .     SeeInvis +   a - +0 war axe (elec)
rCold    . . .     Gourm    .   (no shield)
rNeg     . . .     Faith    .   m - +0 ring mail
rPois    .         Spirit   .   (helmet unavailable)
rElec    .         Reflect  .   (no cloak)
rCorr    .         Harm     .   (no gloves)
MR       +....                  (no boots)
Stlth    ++........             i - amulet of regeneration
Regen    0.7/turn               q - +2 ring of dexterity
MPRegen  0.2/turn               t - ring of protection from fire

@: lethally poisoned (-3 -> -6), very slow
A: permanent stasis, dig shafts and tunnels, four strong arms, antennae 3
a: Dig, Shaft Self, Bend Time, Temporal Distortion, Slouch, Renounce Religion


You were on level 8 of the Dungeon.
You worshipped Cheibriados.
Cheibriados was greatly pleased with you.
You were not hungry.

You visited 1 branch of the dungeon, and saw 8 of its levels.

You collected 358 gold pieces.

Inventory:

Hand Weapons
 a - a +0 war axe of electrocution (weapon)
Missiles
 e - 68 arrows
 h - 98 bolts
 l - 222 stones (quivered)
 O - 61 sling bullets
 P - 5 tomahawks
Armour
 m - a +0 ring mail (worn)
Jewellery
 i - an amulet of regeneration (around neck)
 q - a +2 ring of dexterity (left hand)
 t - a ring of protection from fire (right hand)
 v - an uncursed ring of flight
 D - an uncursed ring of fire
 J - an uncursed ring of ice
 L - an uncursed amulet of guardian spirit
Wands
 F - a wand of disintegration (20/24)
 R - a wand of lightning (8/15)
Scrolls
 b - 4 scrolls of fog {unknown}
 f - 2 scrolls of identify
 g - 3 scrolls of immolation {unknown}
 k - 4 scrolls of amnesia {unknown}
 n - 9 scrolls of teleportation {unknown}
 u - a scroll of noise {unknown}
 z - 2 scrolls of magic mapping {unknown}
 A - a scroll of enchant armour {unknown}
 B - 6 scrolls of remove curse {unknown}
 E - a scroll of blinking {unknown}
 G - a scroll of enchant weapon {unknown}
Potions
 d - 3 potions of heal wounds
 j - a potion of berserk rage
 o - a potion of invisibility
 p - 3 potions of resistance
 x - a potion of ambrosia
 y - a potion of mutation
 C - 2 potions of flight
 H - 5 potions of brilliance
 I - a potion of lignification
 K - a potion of cancellation
 N - a potion of magic {unknown}
 Q - a potion of agility {unknown}
Comestibles
 c - 8 bread rations
 r - 10 fruits
 s - 2 meat rations
 w - 4 royal jellies
 M - a chunk of flesh


   Skills:
 + Level 7.6 Fighting
 + Level 6.8 Axes
 + Level 6.1 Armour
 + Level 6.1 Dodging
 - Level 2.4 Stealth
 + Level 5.7 Spellcasting
 + Level 2.7 Invocations


You had 20 spell levels left.
You didn't know any spells.

Dungeon Overview and Level Annotations

Branches:
Dungeon (8/15)             Temple (0/1) D:4
   Lair: D:8-11

Altars:
Cheibriados
Fedhas
Makhleb
Qazlal
Ru
Uskayaw
Vehumet
Zin

Shops:
D:4 (

Annotations:
D:3 2 transporters


Innate Abilities, Weirdness & Mutations

You cannot be hasted, slowed, berserked, paralysed or teleported.
You can dig through walls and to a lower floor.
Your four strong arms can wield two-handed weapons with a shield.
You have a pair of large antennae on your head. (SInv)


Message History

The killer bee stings you but does no damage.
The killer bee misses you. The killer bee barely misses you.
The killer bee stings you.
You are more poisoned.
The killer bee poisons you! The killer bee closely misses you.
The killer bee stings you.
* * * LOW HITPOINT WARNING * * *
You are more poisoned.
The killer bee poisons you!
The killer bee stings you but does no damage.
The killer bee completely misses you. The killer bee misses you.
You hear an angry buzzing noise. 2 killer bees come into view.
You are already prepared to dig.
You dig through the rock wall.
You feel sick. The killer bee stings you!
* * * LOW HITPOINT WARNING * * *
The killer bee stings you!
* * * LOW HITPOINT WARNING * * *
The killer bee stings you!
You die...

#...### ......# ..
{ {....# ......# #.
....######.......
#.
##{#.(.............
#.
#.##...............
##
y#.##..............
#y#.............. {
{#.y#####.#.##.# {
{ ##yy@# #.#... ##
#.y#####.#.####. #.
{ #..# #..........
#. ....#
#.#.#.####. #.
.....# #.#....# #.
####### #.###..#
#.##### #.###..#
#)..... #......#
####### #####.##
#....


You could see 5 killer bees.

Vanquished Creatures
  A queen bee (D:8)
  A polar bear (shapeshifter) (D:8)
  Grinder (D:4)
  Menkaure (D:6)
  Duvessa (D:7)
  2 orc warriors (D:7)
  A necrophage (D:7)
  2 ice beasts
  4 ogres
  A scorpion (D:6)
  A wyvern skeleton (D:6)
  Dowan (D:7)
  6 killer bees
  2 howler monkeys (D:5)
  2 crimson imps (D:5)
  A centaur zombie (D:8)
  3 hounds
  A centaur skeleton (D:6)
  3 orc priests
  A bullfrog skeleton (D:5)
  3 iguanas
  7 orc wizards
  7 worker ants
  A hound skeleton (D:5)
  Robin (D:4)
  7 gnolls
  13 adders
  An adder zombie (D:7)
  An adder skeleton (D:4)
  3 worms
  4 dart slugs
  3 leopard geckos
  22 orcs
  4 giant cockroaches
  12 goblins
  7 hobgoblins
  15 jackals
  7 kobolds
  4 quokkas
  6 bats
  A frilled lizard (D:2)
  A leopard gecko skeleton (D:6)
  5 rats
171 creatures vanquished.

Notes
Turn   | Place    | Note
-------+----------+-------------------------------------------
     0 | D:1      | Feta the Formicid Monk began the quest for the Orb.
     0 | D:1      | Reached XP level 1. HP: 18/18 MP: 1/1
   151 | D:1      | Reached XP level 2. HP: 11/24 MP: 2/2
   405 | D:1      | Reached XP level 3. HP: 29/30 MP: 4/4
   437 | D:1      | Reached skill level 1 in Spellcasting
   981 | D:2      | Reached XP level 4. HP: 25/37 MP: 5/5
  1162 | D:2      | Reached skill level 1 in Armour
  1282 | D:1      | Reached XP level 5. HP: 17/42 MP: 7/7
  1344 | D:2      | Reached skill level 4 in Fighting
  1542 | D:2      | Found a glowing silver altar of Zin.
  1563 | D:2      | HP: 1/42 [gnoll/spear (3)]
  1896 | D:3      | Found a radiant altar of Vehumet.
  1896 | D:3      | Found a blossoming altar of Fedhas.
  2046 | D:3      | Found a transporter.
  2058 | D:3      | Found a transporter.
  2428 | D:3      | Reached XP level 6. HP: 49/49 MP: 9/9
  2599 | D:4      | Noticed Robin
  2605 | D:4      | Killed Robin
  2634 | D:4      | Found Jaopud's Weapon Shop.
  2706 | D:4      | Found a snail-covered altar of Cheibriados.
  2720 | D:4      | Found a sacrificial altar of Ru.
  2732 | D:4      | Became a worshipper of Cheibriados the Contemplative
  2732 | D:4      | Reached * piety under Cheibriados
  2732 | D:4      | Reached ** piety under Cheibriados
  2753 | D:4      | Reached XP level 7. HP: 55/55 MP: 10/10
  2882 | D:4      | Found a staircase to the Ecumenical Temple.
  2906 | D:4      | Reached skill level 5 in Fighting
  2997 | D:4      | Noticed Grinder
  3013 | D:4      | Killed Grinder
  3118 | D:4      | Reached XP level 8. HP: 63/63 MP: 12/12
  3280 | D:5      | Entered Level 5 of the Dungeon
  3309 | D:5      | Found a burning altar of Makhleb.
  3394 | D:5      | Reached skill level 5 in Axes
  3739 | D:5      | Found a snail-covered altar of Cheibriados.
  3751 | D:5      | Reached *** piety under Cheibriados
  3944 | D:6      | Noticed Menkaure
  3957 | D:6      | Killed Menkaure
  3957 | D:6      | Reached skill level 6 in Fighting
  4190 | D:6      | Noticed a fire elemental
  4199 | D:6      | Found a stormy altar of Qazlal.
  4204 | D:6      | Noticed a water elemental
  4204 | D:6      | Noticed an air elemental
  4529 | D:6      | Reached XP level 9. HP: 69/69 MP: 15/15
  4548 | D:6      | Reached skill level 5 in Dodging
  4952 | D:7      | Noticed a dagger
  4954 | D:7      | Noticed a dagger
  4954 | D:7      | Found a hide-covered altar of Uskayaw.
  4954 | D:7      | Noticed Dowan
  4955 | D:7      | Noticed Duvessa
  4965 | D:7      | Killed Dowan
  4967 | D:7      | Reached skill level 5 in Armour
  4973 | D:7      | Killed Duvessa
  5173 | D:7      | Reached skill level 5 in Spellcasting
  5180 | D:7      | Reached **** piety under Cheibriados
  5215 | D:7      | Reached skill level 7 in Fighting
  5393 | D:7      | Reached skill level 1 in Invocations
  5544 | D:8      | Found a glowing silver altar of Zin.
  5552 | D:8      | Noticed a blink frog
  5564 | D:8      | Noticed a polar bear
  5564 | D:8      | a blink frog changed into a polar bear
  5569 | D:8      | Killed a polar bear
  5569 | D:8      | Reached XP level 10. HP: 54/77 MP: 18/18
  5789 | D:8      | Slain by a killer bee

Skill      XL: |  1  2  3  4  5  6  7  8  9 10 |
---------------+-------------------------------+-----
Spellcasting   | 1 2 3 4 5 |  5.7
Dodging        | 3 4 5 6 |  6.1
Armour         | 1 2 3 4 5 6 |  6.1
Fighting       | 4 5 6 7 |  7.6
Axes           | 4 5 6 |  6.8
Invocations    | 1 2 |  2.7
Stealth        | |  2.4

Action                   |  1- 3 |  4- 6 |  7- 9 | 10-12 || total
-------------------------+-------+-------+-------+-------++-------
Melee: Hand axe          |   135 |   106 |       |       ||   241
       War axe           |       |    79 |   206 |    24 ||   309
Throw: Stone             |       |     2 |     5 |       ||     7
 Abil: Dig               |     1 |     1 |     4 |     1 ||     7
  Use: Potion            |       |       |     2 |       ||     2
       Scroll            |       |       |     9 |       ||     9
 Stab: Sleeping          |       |     5 |     2 |     1 ||     8
  Eat: Chunk             |     1 |     6 |     5 |       ||    12
Armor: Ring mail         |    55 |    68 |    36 |    10 ||   169
       Robe              |     2 |       |       |       ||     2
Dodge: Dodged            |   119 |   143 |   157 |    35 ||   454
